Map: Golden Wall LE

Players

ShaDoWn - Winner!

  • Race: Protoss Protoss
  • Spawn Location: 7:00

Geralt (Gerald)

  • Race: Protoss Protoss
  • League: Grandmaster
  • Spawn Location: 5:00

Event: DreamHack SC2 Masters 2020 Summer Europe

VOD

Have the link to the VOD?

Description

Time

  • Played on: July 2, 2020, 11:20 a.m.
  • Length: 12:04

All games in this series

Show
View Real Time Build Order
Export as new Build Order

ShaDoWn Protoss - Winner!

Build Orders:  

Get SALT Encoding   

  12  0:00  Probe  
  13  0:13  Probe  
  14  0:18  Pylon  
  14  0:25  Probe  
  15  0:33  Probe  
  15  0:36  Gateway  
  15  0:41  Probe  
  16  0:46  Assimilator  
  17  0:51  Probe  
  17  0:55  Assimilator  
  18  1:00  Probe  
  19  1:08  Probe  
  19  1:10  Gateway  
  19  1:17  Probe  
  20  1:25  Cybernetics Core  
  21  1:30  Probe  
  22  1:35  Pylon  
  22  1:42  Probe  
  23  1:54  Probe  
  24  2:01  Adept x2  
  24  2:02  Warp Gate  
  28  2:13  Pylon  
  28  2:32  Sentry x2  
  32  2:37  Nexus  
  32  2:40  Probe  
  33  2:52  Probe  
  36  2:58  Sentry  
  36  3:04  Shield Battery, Probe  
  37  3:11  Robotics Facility  
  37  3:16  Probe  
  38  3:25  Pylon  
  38  3:28  Probe  
  39  3:41  Probe  
  38  3:49  Shield Battery  
  38  3:50  Stalker  
  38  3:51  Stalker  
  38  3:52  Probe  
  38  3:53  Probe  
  41  4:00  Probe  
  39  4:05  Probe  
  39  4:08  Probe  
  40  4:18  Probe  
  40  4:19  Probe  
  40  4:22  Adept x2  
  46  4:27  Probe  
  46  4:28  Phoenix, Probe  
  47  4:35  Probe  
  47  4:36  Probe  
  48  4:43  Stalker x2  
  48  4:44  Probe  
  54  4:45  Probe  
  52  4:52  Pylon  
  52  4:56  Probe  
  52  4:57  Probe  
  54  5:04  Pylon  
  54  5:08  Probe  
  54  5:09  Stalker x2, Probe  
  60  5:19  Probe  
  60  5:20  Probe  
  57  5:27  Probe  
  56  5:28  Probe  
  56  5:32  Twilight Council  
  56  5:33  Forge  
  58  5:35  Probe  
  58  5:36  Probe  
  60  5:45  Assimilator  
  60  5:47  Assimilator, Observer, Probe  
  60  5:48  Blink, Probe  
  63  5:56  Protoss Ground Weapons Level 1  
  63  5:57  Pylon  
  63  5:59  Probe  
  63  6:00  Probe  
  63  6:11  Probe  
  64  6:12  Probe  
  64  6:18  Gateway  
  64  6:19  Gateway  
  64  6:23  Probe  
  64  6:24  Probe  
  66  6:35  Probe  
  66  6:36  Stalker x2  
  71  6:44  Gateway x2  
  70  6:51  Nexus  
  70  6:52  Pylon  
  70  7:00  Robotics Bay  
  70  7:02  Gateway  
  70  7:08  Stalker x2  
  70  7:12  Shield Battery  
  73  7:17  Stalker x2  
  77  7:28  Photon Cannon  
  77  7:29  Probe x2  
  79  7:35  Stalker x2  
  83  7:38  Shield Battery  
  83  7:41  Probe  
  83  7:43  Stalker  
  86  7:49  Stalker x2  
  90  7:54  Probe x2  
  90  7:55  Disruptor  
  92  8:03  Pylon  
  95  8:06  Probe  
  95  8:07  Probe  
  95  8:09  Probe  
  98  8:18  Probe  
  99  8:23  Stalker x3  
  99  8:26  Stalker  
  107  8:30  Stalker  
  107  8:32  Stalker  
  111  8:37  Stalker  
  111  8:41  Pylon  
  113  8:44  Assimilator, Probe  
  113  8:47  Assimilator  
  114  8:52  Pylon  
  114  8:54  Pylon  
  104  8:59  Stalker x3  
  104  9:00  Stalker x2  
  114  9:24  Stalker x6  
  114  9:28  Observer  
  125  9:35  Probe  
  121  9:40  Stalker  
  121  9:43  Observer  
  119  9:47  Probe  
  119  9:48  Forge  
  119  9:50  Stalker x2  
  119  10:01  Stalker x3  
  124  10:07  Forge  
  122  10:15  Stalker, Probe  
  125  10:25  Probe x2  
  121  10:29  Probe  
  120  10:36  Stalker x2  
  120  10:37  Probe  
  120  10:39  Probe  
  110  10:49  Stalker x5  
  120  10:54  Photon Cannon  
  120  10:55  Photon Cannon  
  120  10:56  Photon Cannon  
  120  10:59  Pylon  
  120  11:04  Twilight Council  
  120  11:05  Nexus  
  120  11:06  Pylon  
  120  11:07  Stalker x2  
  120  11:10  Pylon  
  124  11:24  Stalker x5  
  134  11:37  Stalker x2  
  120  11:50  Stalker x5  
  126  11:54  Dark Shrine  
  126  11:56  Photon Cannon  
Show
View Real Time Build Order
Export as new Build Order

Geralt Protoss 

Build Orders: Oracle Opening 

Get SALT Encoding   

  12  0:00  Probe  
  13  0:12  Probe  
  14  0:18  Pylon  
  14  0:22  Probe  
  15  0:32  Probe  
  15  0:37  Gateway  
  15  0:40  Probe  
  16  0:45  Assimilator  
  17  0:52  Probe  
  17  0:54  Assimilator  
  18  1:04  Probe  
  18  1:09  Gateway  
  19  1:12  Probe  
  20  1:22  Probe  
  21  1:27  Cybernetics Core  
  21  1:34  Pylon  
  21  1:36  Probe  
  22  1:48  Probe  
  23  2:00  Probe  
  24  2:03  Adept x2  
  24  2:04  Warp Gate  
  28  2:13  Stargate  
  28  2:17  Probe  
  29  2:23  Pylon  
  29  2:31  Probe  
  30  2:41  Stalker  
  32  2:45  Shield Battery  
  32  2:46  Stalker  
  32  2:49  Oracle  
  35  3:01  Shield Battery  
  36  3:18  Probe  
  36  3:27  Shield Battery  
  34  3:36  Nexus  
  34  3:37  Probe  
  35  3:45  Oracle  
  35  3:48  Shield Battery  
  38  3:49  Probe  
  39  4:04  Pylon  
  39  4:06  Twilight Council  
  39  4:14  Pylon  
  39  4:22  Probe  
  40  4:30  Adept x2  
  44  4:32  Probe  
  45  4:40  Probe  
  45  4:43  Blink  
  46  4:49  Probe  
  46  4:51  Probe  
  48  4:54  Stalker  
  48  4:59  Probe  
  50  5:01  Stalker  
  50  5:03  Probe  
  54  5:07  Probe  
  55  5:15  Probe x2  
  51  5:29  Probe  
  51  5:32  Stalker x2  
  51  5:35  Assimilator  
  54  5:40  Assimilator, Forge, Probe  
  54  5:44  Gateway, Probe  
  54  5:46  Pylon  
  55  5:52  Probe  
  55  5:53  Shield Battery  
  55  5:56  Probe  
  58  6:04  Probe  
  58  6:05  Robotics Facility  
  58  6:07  Protoss Ground Weapons Level 1  
  58  6:08  Probe  
  58  6:09  Gateway  
  59  6:17  Gateway  
  60  6:23  Gateway  
  59  6:27  Gateway  
  59  6:30  Probe x2  
  61  6:43  Stalker x3  
  67  6:49  Observer  
  67  6:54  Robotics Bay  
  68  7:12  Probe  
  68  7:13  Pylon  
  69  7:16  Robotics Facility  
  69  7:17  Nexus  
  69  7:18  Probe  
  69  7:21  Pylon  
  70  7:31  Stalker x3  
  76  7:39  Disruptor  
  79  7:51  Probe  
  79  7:53  Probe  
  79  7:54  Disruptor  
  79  7:57  Shield Battery  
  81  8:03  Probe  
  81  8:05  Probe  
  86  8:11  Stalker x4  
  94  8:19  Pylon  
  94  8:21  Pylon  
  94  8:23  Disruptor  
  94  8:28  Probe x2  
  94  8:29  Observer, Probe  
  100  8:34  Photon Cannon  
  100  8:39  Protoss Ground Weapons Level 2  
  100  8:40  Probe x2  
  103  8:43  Probe  
  104  8:53  Probe  
  105  8:59  Stalker x4  
  105  9:00  Stalker  
  94  9:18  Stalker x2  
  92  9:24  Disruptor x2  
  92  9:26  Probe  
  92  9:28  Observer  
  97  9:31  Stalker x2  
  97  9:43  Stalker x3  
  99  9:59  Disruptor  
  97  10:00  Stalker  
  97  10:04  Assimilator  
  97  10:06  Assimilator  
  98  10:17  Disruptor  
  101  10:23  Stalker x2  
  94  10:28  Observer  
  94  10:29  Stalker x2  
  83  10:39  Stalker x2  
  81  10:42  Probe x2  
  81  10:43  Probe  
  84  10:50  Probe x2  
  84  10:51  Probe  
  84  10:52  Disruptor  
  89  10:59  Adept x2, Probe x3  
  96  11:08  Pylon  
  96  11:09  Probe x2  
  96  11:11  Probe  
  99  11:21  Probe  
  99  11:22  Probe  
  99  11:24  Disruptor  
  104  11:30  Stalker x3  
  109  11:39  Stalker x2  
  60  11:54  Stalker  
Tags
 
Add a new tag
Caveats
  • Supply blocks, unpowered buildings, or Contaminate may cause inaccurate times.
  • Supply counts are checked every 10 seconds.